 Dungeon Crawl Stone Soup version 0.14-a0-882-gdff4d47 (console) character file.

226 Kellhus the Ruinous (level 5, 29/29 HPs)
             Began as an Octopode Wizard on Nov 17, 2013.
             Quit the game on Level 3 of the Dungeon.
             The game lasted 00:02:43 (2513 turns).

Kellhus the Ruinous (Octopode Wizard)               Turns: 2513, Time: 00:02:43

HP  29/29        AC  1     Str  6      XL: 5   Next: 42%
MP   1/12        EV 12     Int 21      God:
Gold 65          SH  0     Dex 11      Spells:  3 memorised,  3 levels left

Res.Fire  : . . .   See Invis. : .   (no weapon)
Res.Cold  : + . .   Warding    : .   (no shield)
Life Prot.: . . .   Conserve   : .   b - +0 wizard hat
Res.Poison: .       Res.Corr.  : .   (no amulet)
Res.Elec. : .       Clarity    : .   o - ring of protection from cold {unknown}
Sust.Abil.: . .     Spirit.Shd : .   (no ring)
Res.Mut.  : .       Stasis     : .   (no ring)
Res.Rott. : .       Flight     : .   (no ring)
Saprovore : . . .                    (no ring)
                                     (no ring)
                                     (no ring)
                                     (no ring)

@: slightly resistant to hostile enchantments, quite stealthy
A: almost no armour, amphibious, 8 rings, constrict 8, camouflage 1, AC +1
a: no special abilities


You were on level 3 of the Dungeon.
You were very hungry.

You visited 1 branch of the dungeon, and saw 3 of its levels.

You collected 65 gold pieces.

Inventory:

Armour
 b - a +0 wizard hat (worn)
Magical devices
 q - a wand of disintegration (7) {unknown}
Comestibles
 d - a bread ration
 p - a meat ration
Scrolls
 e - 2 scrolls of fog {unknown}
 h - a scroll of noise {unknown}
 i - a scroll of amnesia {unknown}
 j - 2 scrolls of identify {unknown}
 l - a scroll of random uselessness {unknown}
 m - a scroll of teleportation {unknown}
 n - a scroll of magic mapping {unknown}
Jewellery
 o - a ring of protection from cold (left tentacle) {unknown}
Potions
 a - a potion of speed {unknown}
 f - a potion of magic {unknown}
 g - 2 potions of slowing {unknown}
 k - a potion of curing {unknown}
Books
 c - a book of Minor Magic

   Spells                             Type                      Level
   *Magic Dart                        Conjuration                  1
   Blink                              Translocation                2
   Call Imp                           Summoning                    2
   Repel Missiles                     Charms/Air                   2
   Slow                               Hexes                        2
   *Conjure Flame                     Conjuration/Fire             3
   *Mephitic Cloud                    Conjuration/Poison/Air       3


   Skills:
 - Level 2.0 Dodging
 - Level 2.6 Stealth
 - Level 3.0 Spellcasting
 + Level 5.1 Conjurations
   Level 1.0 Summonings
   Level 1.0 Translocations


You had 3 spell levels left.
You knew the following spells:

 Your Spells              Type           Power        Failure   Level  Hunger
a - Magic Dart            Conj           ###.         1%          1    None
b - Conjure Flame         Conj/Fire      ##......     17%         3    ###....
c - Mephitic Cloud        Conj/Pois/Air  ##......     24%         3    ###....


Dungeon Overview and Level Annotations

Branches:
Dungeon (3/16)

Altars:
Fedhas


Innate Abilities, Weirdness & Mutations

You cannot wear most types of armour.
You are amphibious.
You can wear up to eight rings at the same time.
You can use your tentacles to constrict many enemies at once.
Your skin changes colour to match your surroundings (Stlth).
Your rubbery body absorbs attacks (AC +1).


Message History

Sigmund is severely wounded.
Casting: Magic Dart
Confirm with . or Enter, or press ? or * to list all spells.
Aiming: Magic Dart
Press: ? - help, Shift-Dir - straight line, f/p - Sigmund
Aim: Sigmund, wielding a runed scythe and wearing a robe (severely wounded, bewildered and confused)
The magic dart hits Sigmund.
Sigmund is almost dead.
Casting: Magic Dart
Confirm with . or Enter, or press ? or * to list all spells.
Aiming: Magic Dart
Press: ? - help, Shift-Dir - straight line, f/p - Sigmund
Aim: Sigmund, wielding a runed scythe and wearing a robe (almost dead, bewildered and confused)
The magic dart hits Sigmund.
You kill Sigmund!
Your Conjurations skill increases to level 5!
You have reached level 5!
You feel agile.
Things that are here:
a runed scythe; a robe Are you sure you want to abandon this character and quit the game? (Confirm with "yes".)

#.........# #......#
#.........######......#
+.........#....'......#
#.........'.####......#
#.........### #.)....#
#.........# #......#
#######'### #..)...#
#.#### ##'##### #...@#
#..### ####.# ##...#
#+# ###.# #.# #
########.####
#.#...........#
##.#...........#
#...#......%....#
#.##............#


There were no monsters in sight!

Vanquished Creatures
  Sigmund (D:3)
  An adder (D:2)
  3 worms
  An ooze (D:1)
  An orc (D:3)
  10 hobgoblins
  4 jackals (D:2)
  7 kobolds
  A quokka (D:2)
  8 bats
  A giant cockroach (D:2)
  3 giant geckos
  5 giant newts
  11 goblins
  3 rats
60 creatures vanquished.

Notes
Turn   | Place    | Note
--------------------------------------------------------------
     0 | D:1      | Kellhus, the Octopode Wizard, began the quest for the Orb.
     0 | D:1      | Reached XP level 1. HP: 9/9 MP: 5/5
   236 | D:1      | Reached XP level 2. HP: 15/15 MP: 2/7
   824 | D:2      | Reached XP level 3. HP: 19/19 MP: 1/9
  1126 | D:2      | Found a blossoming altar of Fedhas.
  1639 | D:2      | Reached XP level 4. HP: 25/25 MP: 9/11
  2151 | D:3      | Reached skill level 4 in Conjurations
  2488 | D:3      | Noticed Sigmund
  2495 | D:3      | Learned a level 3 spell: Conjure Flame
  2499 | D:3      | Learned a level 3 spell: Mephitic Cloud
  2509 | D:3      | Killed Sigmund
  2509 | D:3      | Reached skill level 5 in Conjurations
  2509 | D:3      | Reached XP level 5. HP: 29/29 MP: 1/12
  2513 | D:3      | Quit the game

Action                   |  1- 3 |  4- 6 || total
-------------------------+-------+-------++-------
Melee: Unarmed           |    14 |       ||    14
 Cast: Magic Dart        |   102 |    52 ||   154
       Mephitic Cloud    |       |     1 ||     1
